 Dungeon Crawl Stone Soup version 0.30.1-10-g1249ef9ec4 (webtiles) character file.

Game seed: 8973212402348114891

291 Janerl the Trooper (level 6, -2/55 HPs)
             Began as a Hill Orc Fighter on Oct 27, 2023.
             Slain by Pikel
             ... wielding a +2 whip of flaming
              (5 damage)
             ... on level 4 of the Dungeon.
             The game lasted 00:08:56 (2404 turns).

Janerl the Trooper (Hill Orc Fighter)               Turns: 2404, Time: 00:08:57

Health: -2/55      AC:  7    Str: 19    XL:     6   Next: 32%
Magic:  6/6        EV:  9    Int: 10    God:
Gold:   152        SH:  4    Dex: 10    Spells: 5/5 levels left

rFire   . . .        a - +0 war axe
rCold   . . .        c - +0 buckler
rNeg    . . .        b - +0 scale mail
rPois   .            (no helmet)
rElec   .            (no cloak)
rCorr   .            (no gloves)
SInv    .            (no boots)
Will    .....        (no amulet) Stlth
                     (no ring)
HPRegen 0.29/turn    (no ring)
MPRegen 0.10/turn

%: no passive effects
@: no status effects
A: no striking features
a: no special abilities


You were on level 4 of the Dungeon.
You visited 1 branch of the dungeon, and saw 4 of its levels.

You collected 152 gold pieces.

Inventory:

Hand Weapons
 a - a +0 war axe (weapon)
 t - the +9 hand axe of the Reaper {antimagic, Str+3 Int+6}
   (You found it on level 3 of the Dungeon)

   Str:       It affects your strength (+3).
   Int:       It affects your intelligence (+6).
 u - the +6 sling of the Ageless Xenophobes {flame, MP+9}
   (You found it on level 3 of the Dungeon)

   MP:        It affects your magic capacity (+9).
Missiles
 p - 3 poisoned darts (quivered)
Armour
 b - a +0 scale mail (worn)
 c - a +0 buckler (worn)
 e - an orb of energy
Magical Staves
 q - a staff of earth
Scrolls
 f - a scroll of enchant weapon {unknown}
 h - 3 scrolls of vulnerability {unknown}
 i - 5 scrolls of teleportation {unknown}
 l - 5 scrolls of identify {unknown}
 m - a scroll of fear {unknown}
 n - a scroll of blinking {unknown}
 r - a scroll of immolation {unknown}
 s - a scroll of fog {unknown}
Potions
 d - 2 potions of might
 g - 3 potions of curing {unknown}
 j - a potion of lignification {unknown}
 k - 2 potions of haste {unknown}
 o - a potion of heal wounds {unknown}


   Skills:
 + Level 4.9 Fighting
 + Level 4.7 Axes
 + Level 4.8 Armour
 + Level 1.1 Dodging
 + Level 4.4 Shields


You had 5 spell levels left.
You didn't know any spells.
Your spell library was empty.

Dungeon Overview and Level Annotations

Branches:
Dungeon (4/15)
 Temple: D:4-7

Altars:
Makhleb
Uskayaw
Zin

Annotations:
D:4 Pikel


Message History

That felt strangely unrewarding.
You closely miss the orc priest.
The orc priest threatens, "By the altar or by the axe, you will meet Beogh!"
The orc priest shouts, "Join the one true god or die!"
The orc priest hits you but does no damage.
You hit the orc priest.
The orc priest is lightly wounded.
The orc priest hits you with a +0 short sword.
The orc priest invokes the aid of Beogh against you.
Beogh smites you!
You barely miss the orc priest.
The orc priest is lightly wounded.
The orc priest hits you with a +0 short sword.
* * * LOW HITPOINT WARNING * * *
You closely miss the orc priest.
The orc priest is lightly wounded.
The orc priest shouts, "Join the one true god or die!"
You block the orc priest's attack.
The orc priest shouts, "Surrender to Beogh and we'll let you live!"
You slash the orc priest!
The orc priest is severely wounded.
Pikel waves his whip at you. You block the orc priest's attack.
The orc priest shouts, "Beogh is our master!
Accept the truth or die!"
You block the orc priest's attack.
You barely miss the orc priest.
The orc priest is severely wounded.
The orc priest closely misses you.
The orc priest shouts, "Join the one true god or die!"
You hit the orc priest.
The orc priest is severely wounded.
The orc priest mumbles some strange prayers to Beogh against you.
Beogh smites you!
* * * LOW HITPOINT WARNING * * *
You slash the orc priest!
You kill the orc priest!
You closely miss the lemure. You hit Pikel but do no damage.
Pikel hits you with a +2 whip of flaming.
You die...

#.# #.# #<# .# # #.# #..
..##.######.# ...
#...........# #5# .
####.######## .....#
####.###############
#.#..#
................@K5##....#
.###.#############5o....##
#.# ##...5..........
#.########..############.
#...........#
##########..# #.....
##..>... #######


You could see Pikel, 2 lemures and an orc.

Vanquished Creatures
  A black bear (D:3)
  A lemure (D:4)
  An orc priest (D:4)
  Terence (D:2)
  Jessica (D:3)
  Natasha (D:2)
  4 adders
  2 worms (D:3)
  An orc (D:3)
  4 bats
  2 endoplasms
  3 giant cockroaches
  A goblin (D:2)
  7 hobgoblins
  5 jackals
  2 kobolds (D:3)
  2 quokkas
  7 ball pythons
  6 frilled lizards
  2 rats
54 creatures vanquished.

Notes
Turn   | Place    | Note
-------+----------+-------------------------------------------
     0 | D:1      | Janerl the Hill Orc Fighter began the quest for the Orb.
     0 | D:1      | Reached XP level 1. HP: 19/19 MP: 1/1
    79 | D:1      | Reached XP level 2. HP: 21/27 MP: 2/2
   467 | D:1      | Found a hide-covered altar of Uskayaw.
   640 | D:2      | Reached XP level 3. HP: 28/33 MP: 3/3
   790 | D:2      | Noticed Terence
   802 | D:2      | Killed Terence
   846 | D:2      | Reached XP level 4. HP: 32/40 MP: 4/4
   984 | D:2      | Noticed Natasha
   996 | D:2      | Killed Natasha
  1291 | D:3      | Noticed a black bear
  1307 | D:3      | Killed a black bear
  1308 | D:3      | Reached skill level 1 in Dodging
  1308 | D:3      | Reached XP level 5. HP: 21/47 MP: 5/5
  1441 | D:3      | Identified the +9 hand axe of the Reaper {antimagic, Str+3
                  | Int+6}
  1475 | D:3      | Reached XP level 6. HP: 55/55 MP: 2/6
  1533 | D:3      | Found a glowing silver altar of Zin.
  1611 | D:3      | Identified the +6 sling of the Ageless Xenophobes {flame,
                  | MP+9}
  2001 | D:3      | Noticed Jessica
  2005 | D:3      | Killed Jessica
  2107 | D:3      | Found a burning altar of Makhleb.
  2375 | D:4      | Noticed Pikel
  2401 | D:4      | HP: 2/55 [orc priest/divine providence (15)]
  2404 | D:4      | Slain by Pikel

Illustrated notes

Levels and vault maps discovered:
D:1:      dpeg_arrival_lava_altar, layout_basic, st_stairs_6
D:2:      minmay_inner_zag, layout_rooms, uniq_natasha, uniq_terence
D:3:      layout_basic, nicolae_overflow_hidden_temple, bloody_makhleb,
          serial_corexii_hall, chequers_hall_statues_wall_a,
          corexii_hall_statues_x, uniq_jessica
D:4:      layout_loops_ring, lemuel_doored_altar, grunt_ministairs_5,
          grunt_decor_arrowhead, corexii_item_surrounded_by_moat,
          uniq_crazy_yiuf_cottage, uniq_pikel, uniq_eustachio

Skill      XL: |  1  2  3  4 |
---------------+-------------+-----
Axes           | 3 4 |  4.7
Fighting       | 4 |  4.9
Shields        | 4 |  4.4
Armour         | 4 |  4.8
Dodging        | 1 |  1.1

Action                     |  1- 3 |  4- 6 || total
---------------------------+-------+-------++-------
  Melee: War axe           |    77 |    71 ||   148
         Hand axe          |       |    10 ||    10
   Fire: Sling             |       |    19 ||    19
 Armour: Scale mail        |    29 |    56 ||    85
  Dodge: Dodged            |    46 |    38 ||    84
  Block: Buckler           |    16 |    24 ||    40
